 Dungeon Crawl Stone Soup version 0.32-a0-131-g9dbbe29261 (webtiles) character file.

Game seed: 8078674035354365659

11711 Esekla the Covert (level 11, -7/74 HPs)
             Began as an Octopode Delver on Feb 8, 2024.
             Was an Initiate of Gozag.
             Mangled by a red very ugly thing (10 damage)
             ... on level 9 of the Dungeon.
             The game lasted 01:10:21 (10870 turns).

Esekla the Covert (Octopode Delver)                Turns: 10870, Time: 01:10:22

Health: -7/74      AC:  9    Str: 17    XL:     11   Next: 82%
Magic:  7/18       EV: 20    Int: 17    God:    Gozag
Gold:   206        SH:  0    Dex: 14    Spells: 0/22 levels left

rFire   + . .        r - +8 trident of the Octopus King {venom, rElec rPois}
rCold   x . .        (no shield)
rNeg    . . .        t - +2 hat {Will+}
rPois   +            (no amulet)
rElec   +            A - +4 ring of slaying
rCorr   +            G - +5 ring of evasion
SInv    .            H - +6 ring of strength
Will    +....        I - ring of flight
Stlth   +++++        K - ring of resist corrosion
HPRegen 0.32/turn    m - ring of fire
MPRegen 0.16/turn    (no ring)
                     (no ring)

%: no passive effects
@: ice-armoured, fugue, gold aura, flying
A: almost no armour, amphibious, 8 rings, camouflage 1, gelatinous body 1,
(nimble swimmer 1), tentacles, low MP 1
a: Renounce Religion, Potion Petition, Call Merchant, Bribe Branch


You were on level 9 of the Dungeon.
You worshipped Gozag.
Gozag was aware of your devotion.
You visited 2 branches of the dungeon, and saw 10 of its levels.
You also visited: Sewer.

You collected 2164 gold pieces.
You spent 616 gold pieces at shops.
You paid 1342 gold pieces to Gozag.

Inventory:

Hand Weapons
 f - a +2 scimitar of flaming
 r - the +8 trident of the Octopus King (weapon) {venom, rElec rPois}
   (You found it on level 4 of the Dungeon)

   rElec:     It insulates you from electricity.
   rPois:     It protects you from poison
 s - the +1 dagger "Wievahuo" {flame, rF+ rN++ Str-4 SInv}
   (You found it on level 6 of the Dungeon)

   Str-4:     It affects your strength (-4).
   rF+:       It protects you from fire.
   rN++:      It greatly protects you from negative energy.
   SInv:      It lets you see invisible.
Missiles
 b - 17 poisoned darts (quivered)
 w - 2 curare-tipped darts
 D - 5 boomerangs
Armour
 t - a +2 hat of willpower (worn)
 N - a +0 buckler
Magical Staves
 d - a staff of death
Jewellery
 m - a ring of fire (on tentacle)
 A - a +4 ring of slaying (left tentacle)
 G - a +5 ring of evasion (right tentacle)
 H - a +6 ring of strength (on tentacle)
 I - a ring of flight (on tentacle)
 K - a ring of resist corrosion (on tentacle)
Wands
 z - a wand of light (6)
 F - a wand of flame (57)
 P - a wand of roots (5)
 Q - a wand of digging (5)
Scrolls
 h - 4 scrolls of teleportation {unknown}
 p - 4 scrolls of identify
 q - a scroll of blinking {unknown}
 v - a scroll of vulnerability {unknown}
 x - a scroll of brand weapon {unknown}
 y - a scroll of revelation
 B - 4 scrolls of noise
 C - a scroll of enchant weapon {unknown}
 E - 5 scrolls of enchant armour
 J - 2 scrolls of poison {unknown}
 L - a scroll of amnesia {unknown}
Potions
 c - a potion of mutation
 e - a potion of enlightenment
 g - a potion of berserk rage
 i - a potion of invisibility
 j - a potion of might
 k - a potion of resistance
 l - a potion of cancellation
 o - a potion of magic
 u - a potion of curing
 M - a potion of attraction
 O - a potion of ambrosia {unknown}


   Skills:
 * Level 6.7 Fighting
 - Level 3.4 Long Blades
 + Level 6.8 Polearms
 * Level 5.7 Dodging
 + Level 10.1 Stealth
 * Level 1.8 Shields
 * Level 6.3 Spellcasting
 * Level 5.0 Conjurations
 * Level 4.7 Necromancy
 + Level 5.4 Ice Magic
 + Level 5.2 Air Magic
 + Level 5.2 Alchemy
 + Level 0.2 Evocations


You couldn't memorise any spells.
You knew the following spells:

 Your Spells              Type           Power      Damage    Failure   Level
a - Ozocubu's Armour      Ice            23%        N/A       4%          3
b - Blink                 Tloc           10%        N/A       19%         2
c - Mephitic Cloud        Conj/Alch/Air  23%        N/A       4%          3
u - Dispel Undead         Necr           21%        3d11      19%         4
v - Mercury Vapours       Alch/Air       46%        N/A       2%          2
w - Fugue of the Fallen   Necr           21%        N/A       5%          3
z - Freezing Cloud        Conj/Ice/Air   11%        6-21      36%         5

Your spell library contained the following spells:

 Spells                   Type           Power      Damage    Failure   Level
 Cigotuvi's Dreadful Rot  Necr/Alch/Air  44%        N/A       2%          2
 Momentum Strike          Conj/Tloc      28%        3d8       7%          2
 Sandblast                Erth           10%        2d5       12%         1
 Dazzling Flash           Conj/Hex       28%        N/A       13%         3
 Stone Arrow              Conj/Erth      28%        3d8       13%         3
 Lesser Beckoning         Tloc           10%        N/A       19%         2
 Passwall                 Erth           5%         N/A       36%         3
 Brom's Barrelling Bould  Conj/Erth      14%        2d4       41%         4
 Martyr's Knell           Necr/Summ      13%        N/A       43%         4
 Curse of Agony           Necr           21%        N/A       45%         5
 Silence                  Hex/Air        7%         N/A       75%         5
 Manifold Assault         Tloc           5%         N/A       77%         4
 Death Channel            Necr           10%        N/A       95%         6


Dungeon Overview and Level Annotations

Branches:
Dungeon (9/15)             Temple (1/1) D:5           Sewer (visited)
   Lair: D:8-11         Orc: D:9-12

Altars:
Ashenzari
Cheibriados
Dithmenos
Elyvilon
Fedhas
Gozag
Hepliaklqana
Kikubaaqudgha
Makhleb
Nemelex Xobeh
Okawaru
Qazlal
Ru
Sif Muna
Vehumet
Wu Jian
Xom
Yredelemnul
Zin
The Shining One

Shops:
D:5 =   D:7 :   D:8 *


Innate Abilities, Weirdness & Mutations

You cannot wear most types of armour.
You are amphibious.
You can wear up to eight rings at the same time.
Your skin changes colour to match your surroundings (Stealth+).
Your rubbery body absorbs attacks. (AC +1, EV +1)
((You are camouflaged when in or above water. (Stealth+)))
You have tentacles for arms and can constrict up to eight enemies at once.
Your magical capacity is low. (-10% MP)


Message History

The killer bee misses the red very ugly thing.
The killer bee stings itself.
The red very ugly thing is engulfed in noxious fumes.
The red very ugly thing engulfs you.
You are engulfed in flames!
You resist.
You feel much better.
You constrict the kobold demonologist.
The kobold demonologist looks encouraged for a moment.
The kobold demonologist is engulfed in noxious fumes.
The kobold demonologist appears confused.
The kobold demonologist laughs at nothing.
The kobold demonologist hits the killer bee with a +0 dagger.
The killer bee is killed!
The kobold demonologist hits itself with a +0 dagger.
The manticore bites the centaur warrior but does no damage.
The manticore barely misses the centaur warrior.
The manticore claws the centaur warrior.
The red very ugly thing is engulfed in noxious fumes.
The red very ugly thing engulfs you!
You are engulfed in flames!
You resist.
You closely miss the red very ugly thing.
The red very ugly thing is severely wounded.
You constrict the kobold demonologist!
You kill the kobold demonologist!
The manticore is distracted by your dazzling golden aura.
The centaur warrior is engulfed in noxious fumes.
The red very ugly thing engulfs you.
You are engulfed in flames!
You resist.
* * * LOW HITPOINT WARNING * * *
Okay, then.
Casting: Fugue of the Fallen (dangerous; 5% risk of failure)
Confirm with . or Enter, or press ? or * to list all spells.
A film of ice covers your body!
The centaur warrior is engulfed in noxious fumes.
The centaur warrior appears confused.
The centaur warrior misses you.
The centaur warrior kicks you but does no damage.
The centaur warrior hits itself!
The centaur warrior kicks itself but does no damage.
The kobold demonologist casts a spell.
The red very ugly thing engulfs you!
* * * LOW HITPOINT WARNING * * *
You are engulfed in flames!
You resist.
You die...
Your body crumbles into a pile of gold.

#.....#♣.♣.♣#♣.≈≈≈≈~≈~≈≈≈≈.♣
♣♣(♣
#.###.#♣.♣.♣#.≈≈≈≈~≈~≈~≈≈≈≈. ♣.
#.###.#♣♣.♣♣#♣.≈≈≈≈~≈~≈≈≈≈.♣ ♣.
#.##..###### ♣♣....♣.♣....♣♣
#.##....... ########.######
.........# #........#
..##.##..# #.♣.######5.
.........# #.♣.#cF5Ku..
.###.##.... #.♣.@uH# .##..# = #
#...#### .##.## ##### ###
.##.####.# ##'## #.# .........#
##...## #.# ###.######
##.....## ##.# #.#.##
##.......## ##..#
#....####.........####...######
#.......+.........'............


You could see a red very ugly thing (very poisoned), a purple ugly thing, a
centaur warrior (confused), a manticore (confused), a kobold demonologist, a
bullfrog, a quasit (summoned) and a crimson imp (summoned).

Vanquished Creatures
  Gastronok (D:8)
  2 two-headed ogres
  Pikel (D:5)
  An efreet (D:9)
  A kobold demonologist (D:9)
  Grinder (D:3)
  A hornet (D:9)
  Prince Ribbit (D:5)
  5 slime creatures
  Sigmund (D:5)
  A vampire (D:9)
  9 yaks
  4 hogs (D:8)
  A basilisk (shapeshifter) (D:9)
  A human (D:8)
  A steam dragon (D:6)
  Menkaure (D:7)
  An acid dragon (D:9)
  5 water moccasins
  Pargi (Sewer)
  An orc warrior (D:7)
  An ice beast (D:7)
  A sky beast (D:7)
  2 ogres
  2 lemures (D:5)
  3 centaurs
  2 phantoms (D:6)
  4 kobold brigands
  A gnoll sergeant (D:8)
  A brain worm (Sewer)
  6 bullfrogs
  A scorpion (D:7)
  5 wights
  11 killer bees
  6 howler monkeys
  4 bombardier beetles
  5 hounds
  Crazy Yiuf (D:3)
  5 orc priests
  2 jellies
  A sleepcap (D:6)
  2 iguanas (D:5)
  5 orc wizards
  8 gnolls
  9 adders
  2 river rats (D:3)
  2 shadow imps
  A white imp (D:7)
  4 ufetubi
  4 ribbon worms
  3 dart slugs
  19 orcs
  7 ball pythons
  3 bats
  4 endoplasms
  4 giant cockroaches
  6 goblins
  15 hobgoblins
  15 jackals
  18 kobolds
  4 quokkas
  4 frilled lizards
  10 rats
254 creatures vanquished.

Vanquished Creatures (others)
  An electric eel (D:9)
1 creature vanquished.

Grand Total: 255 creatures vanquished

Notes
Turn   | Place    | Note
-------+----------+-------------------------------------------
     0 | D:5      | Esekla the Octopode Delver began the quest for the Orb.
     0 | D:5      | Reached XP level 1. HP: 16/16 MP: 1/1
    52 | D:5      | Found a staircase to the Ecumenical Temple.
    59 | D:5      | Noticed a hound
    59 | D:5      | Noticed a jelly
    62 | D:5      | Noticed a bombardier beetle
    67 | D:5      | Noticed an ogre
    69 | Temple   | Entered the Ecumenical Temple
   156 | D:5      | Noticed an orc priest
   188 | D:5      | Reached XP level 2. HP: 6/21 MP: 2/2
   263 | D:5      | Reached skill level 7 in Stealth
   263 | D:5      | Reached XP level 3. HP: 14/26 MP: 2/4
   381 | D:5      | Noticed Prince Ribbit
   499 | D:5      | Reached skill level 1 in Spellcasting
   499 | D:5      | Reached XP level 4. HP: 6/31 MP: 5/5
   842 | Temple   | Became a worshipper of Gozag Ym Sagoz the Greedy
   887 | Temple   | Reached XP level 5. HP: 23/37 MP: 5/7
  1010 | D:4      | Found the +8 trident of the Octopus King {venom, rElec
                  | rPois}
  1145 | D:3      | Noticed Grinder
  1198 | D:3      | Found a glowing drain.
  1256 | Sewer    | Entered a sewer
  1263 | Sewer    | Reached skill level 8 in Stealth
  1263 | Sewer    | Reached XP level 6. HP: 40/43 MP: 8/8
  1336 | Sewer    | Noticed Pargi
  1378 | Sewer    | Killed Pargi
  1702 | D:2      | Reached skill level 1 in Polearms
  1742 | D:2      | Reached XP level 7. HP: 42/48 MP: 10/10
  2126 | D:1      | Found a faded altar of an unknown god.
  2183 | D:1      | Found a transporter.
  2491 | D:1      | Learned a level 3 spell: Ozocubu's Armour
  2495 | D:1      | Learned a level 3 spell: Fugue of the Fallen
  3119 | D:3      | Found a burning altar of Makhleb.
  3230 | D:3      | Reached skill level 1 in Necromancy
  3344 | D:4      | Reached skill level 1 in Ice Magic
  3413 | D:4      | Learned a level 3 spell: Mephitic Cloud
  4031 | D:5      | Reached skill level 1 in Conjurations
  4187 | D:3      | Killed Grinder
  4188 | D:3      | Reached XP level 8. HP: 36/54 MP: 11/11
  4316 | D:3      | Found a runed translucent door.
  4317 | D:3      | Noticed Crazy Yiuf
  4325 | D:3      | Killed Crazy Yiuf
  4326 | D:3      | Reached skill level 1 in Air Magic
  4522 | D:5      | Killed Prince Ribbit
  4523 | D:5      | Reached skill level 1 in Alchemy
  4712 | D:5      | Noticed Sigmund
  4717 | D:5      | Killed Sigmund
  4718 | D:5      | Reached skill level 9 in Stealth
  4787 | D:5      | Noticed Pikel
  4795 | D:5      | Killed Pikel
  4796 | D:5      | Reached skill level 5 in Fighting
  4796 | D:5      | Reached XP level 9. HP: 54/61 MP: 9/14
  5117 | D:5      | Found an iron altar of Okawaru.
  5505 | D:6      | Gained mutation: Your magical capacity is low. (-10% MP)
                  | [potion of mutation]
  5742 | D:6      | Found a sacrificial altar of Ru.
  5742 | D:6      | Found a broken altar of Ashenzari.
  5981 | D:6      | Identified the +1 dagger "Wievahuo" {flame, rF+ rN++ Str-4
                  | SInv}
  6394 | D:7      | Noticed Menkaure
  6453 | D:7      | Killed Menkaure
  6454 | D:7      | Reached skill level 5 in Polearms
  6466 | D:7      | Reached XP level 10. HP: 66/66 MP: 14/14
  6993 | D:8      | Noticed Gastronok
  7236 | D:8      | Reached skill level 5 in Dodging
  8116 | D:8      | Reached skill level 5 in Spellcasting
  8459 | D:7      | Reached XP level 11. HP: 24/72 MP: 11/17
  8464 | D:7      | Reached skill level 10 in Stealth
  8465 | D:7      | HP: 3/72 [slime creature (16)]
  8746 | D:7      | Learned a level 4 spell: Dispel Undead
  8746 | D:7      | Bought a book of Spatial Translocations for 252 gold pieces
  8749 | D:7      | Learned a level 2 spell: Blink
  8842 | D:8      | Killed Gastronok
  9092 | D:8      | Found Engoomid's General Store.
  9543 | D:9      | Reached skill level 1 in Shields
  9662 | D:9      | Noticed a two-headed ogre
  9671 | D:9      | Killed a two-headed ogre
  9672 | D:9      | Reached skill level 5 in Ice Magic
  9672 | D:9      | Reached skill level 5 in Alchemy
 10019 | D:9      | Reached skill level 5 in Air Magic
 10056 | D:9      | Reached skill level 5 in Conjurations
 10326 | D:9      | Noticed a two-headed ogre
 10341 | D:8      | Killed a two-headed ogre
 10490 | D:9      | Noticed a six-headed hydra
 10793 | D:7      | Bought a book of Vapours for 364 gold pieces
 10799 | D:7      | Learned a level 5 spell: Freezing Cloud
 10802 | D:7      | Learned a level 2 spell: Mercury Vapours
 10857 | D:9      | Noticed a manticore
 10857 | D:9      | Noticed a red very ugly thing
 10864 | D:9      | Noticed a centaur warrior
 10864 | D:9      | Noticed a purple ugly thing
 10870 | D:9      | HP: 3/74 [red very ugly thing (14)]
 10870 | D:9      | Mangled by a red very ugly thing

Illustrated notes

Levels and vault maps discovered:
D:1:      spicycebolla_arrival_risky_transporter, layout_loops_ring,
          dreamdust_ecumenical_altar_grove
D:2:      layout_loops_ring, chequers_serial_rivers_micro_c,
          lightli_corner_chamber
D:3:      layout_rooms, nicolae_overflow_crystal_walls,
          cheibrodos_sewer_entry_sluice, uniq_crazy_yiuf_cottage, uniq_grinder
D:4:      layout_layer_cave
D:5:      layout_basic, okawaru_altar_gauntlet_db, minmay_temple_entry_grid,
          minmay_between, uniq_pikel, uniq_sigmund, uniq_prince_ribbit1
D:6:      layout_gridville, chequers_temple_overflow_statue_of_worship,
          kennysheep_generic_room_14
D:7:      layout_rooms, uniq_menkaure
D:8:      layout_cave_pools, serial_shops, nicolae_shop_behind_doors,
          grunt_livestock, uniq_gastronok
D:9:      nzn_winding_woodlands_stair_cross [nzn_winding_woodlands_5x15_eye,
          nzn_winding_woodlands_center_lodge,
          nzn_winding_woodlands_5x15_river_crossing,
          nzn_winding_woodlands_5x5_cross, nzn_winding_woodlands_5x5_open_star,
          nzn_winding_woodlands_5x15_zeroes,
          nzn_winding_woodlands_center_diamonds,
          nzn_winding_woodlands_5x15_default], layout_loops_corners
Temple:   lightli_temple_of_artemis

Skill      XL: |  1  2  3  4  5  6  7  8  9 10 11 |
---------------+----------------------------------+-----
Stealth        | 7 8 9 10 | 10.1
Spellcasting   | 1 2 3 4 5 6 |  6.3
Fighting       | 4 5 6 |  6.7
Long Blades    | 3 |  3.4
Dodging        | 3 4 5 |  5.7
Polearms       | 1 2 4 5 6 |  6.8
Necromancy     | 1 2 3 4 |  4.7
Ice Magic      | 1 2 3 4 5 |  5.4
Conjurations   | 1 2 3 4 5 |  5.0
Air Magic      | 2 3 4 5 |  5.2
Alchemy        | 2 3 4 5 |  5.2
Shields        | 1 |  1.8
Evocations     | |  0.2

Action                     |  1- 3 |  4- 6 |  7- 9 | 10-12 || total
---------------------------+-------+-------+-------+-------++-------
  Melee: Falchion          |    23 |     3 |       |       ||    26
         Constrict         |     5 |    12 |    28 |    30 ||    75
         Tentacles         |     3 |    10 |    24 |    49 ||    86
         Punch             |     1 |     3 |     5 |    18 ||    27
         Long sword        |       |     8 |       |       ||     8
         Trident           |       |    50 |   209 |   207 ||   466
         Dagger            |       |    13 |     8 |     4 ||    25
  Throw: Boomerang         |       |       |    23 |    15 ||    38
         Dart              |       |       |       |    23 ||    23
   Cast: Ozocubu's Armour  |       |       |    12 |    34 ||    46
         Mephitic Cloud    |       |       |     2 |     6 ||     8
         Fugue of the Fall |       |       |       |     2 ||     2
         Blink             |       |       |       |     1 ||     1
 Invoke: Call Merchant     |       |       |     1 |     1 ||     2
  Evoke: Wand              |       |       |     1 |     2 ||     3
    Use: Scroll            |     2 |       |     2 |     9 ||    13
         Potion            |       |     1 |     3 |     5 ||     9
   Stab: Sleeping          |     1 |    10 |    29 |     5 ||    45
         Distracted        |       |       |     2 |     6 ||     8
         Confused          |       |       |     1 |     1 ||     2
         Invisible         |       |       |     1 |       ||     1
 Armour: Skin              |    13 |    14 |    44 |   101 ||   172
  Dodge: Dodged            |    13 |    24 |   107 |   191 ||   335

Table legend: (Time is in decaauts)
 A = Elapsed time spent in this place.
 B = Non-inter-level travel time spent in this place.
 C = Inter-level travel time spent in this place.
 D = Time resting spent in this place.
 E = Time spent auto-exploring this place.
 F = Levels seen in this place.
 G = Mean time per level.
                   A        B        C        D        E       F      G
               +--------+--------+--------+--------+--------+-----+--------+
         Total |  10897 |  10383 |    514 |   2441 |   2135 |  11 |  990.6 |
       Dungeon |  10393 |   9879 |    514 |   2397 |   2097 |   9 | 1154.8 |
        Temple |    297 |    297 |      0 |     44 |      0 |   1 |  297.0 |
         Sewer |    206 |    206 |      0 |      0 |     38 |   1 |  206.0 |
               +--------+--------+--------+--------+--------+-----+--------+

Top non-repeatable levels by time:
     D:7: 1971 daAuts
     D:8: 1622 daAuts
     D:5: 1606 daAuts
     D:9: 1099 daAuts
     D:6: 948 daAuts
     D:4: 902 daAuts
     D:2: 884 daAuts
     D:1: 745 daAuts
     D:3: 614 daAuts
  Temple: 297 daAuts
   Sewer: 206 daAuts
